 Dungeon Crawl Stone Soup version 0.28-a0-998-gb9e9c7b67e (webtiles) character file.

Game seed: 2351415121643075550

1784 enile the Caller (level 9, -1/54 HPs)
             Began as a Tengu Summoner on Dec 5, 2021.
             Was an Initiate of Gozag.
             Slain by a centaur warrior (7 damage)
             ... created by the fury of Okawaru
             ... on level 6 of the Dungeon.
             The game lasted 00:22:02 (7461 turns).

enile the Caller (Tengu Summoner)                   Turns: 7461, Time: 00:22:03

Health: -1/54      AC:  3    Str: 10    XL:     9   Next: 8%
Magic:  7/14       EV: 16    Int: 18    God:    Gozag
Gold:   164        SH:  0    Dex: 15    Spells: 5/14 levels left

rFire   . . .      SeeInvis .   b - +2 dagger (venom)
rCold   . . .      Faith    .   (no shield)
rNeg    . . .      Spirit   .   f - +0 leather armour
rPois   .          Reflect  .   (helmet restricted)
rElec   .          Harm     .   (no cloak)
rCorr   .          Rampage  .   (no gloves)
Will    .....                   (boots unavailable)
Stlth   ++........              (no amulet)
HPRegen 0.18/turn               (no ring)
MPRegen 0.14/turn               (no ring)

@: flying quickly and evasively, quick
A: beak, talons 3, nimble flight
a: Renounce Religion, Potion Petition, Call Merchant, Bribe Branch


You were on level 6 of the Dungeon.
You worshipped Gozag.
Gozag was aware of your devotion.
You visited 1 branch of the dungeon, and saw 6 of its levels.

You collected 309 gold pieces.
You spent 70 gold pieces at shops.
You paid 75 gold pieces to Gozag.

Inventory:

Hand Weapons
 b - a +2 dagger of venom (weapon)
 c - a +0 dagger
 g - a +0 scimitar
 p - a +1 whip of freezing
Missiles
 h - 188 stones (quivered)
Armour
 a - a +0 robe
 f - a +0 leather armour (worn)
 u - a +0 scale mail
Scrolls
 d - a scroll of brand weapon {unknown}
 l - 6 scrolls of identify {unknown}
 r - 3 scrolls of teleportation {unknown}
 t - a scroll of amnesia {unknown}
Potions
 e - a potion of attraction {unknown}
 i - a potion of flight
 j - a potion of brilliance {unknown}
 k - a potion of degeneration {unknown}
 m - a potion of heal wounds
 n - 2 potions of magic {unknown}
 o - 2 potions of lignification {unknown}
 q - a potion of might


   Skills:
 - Level 5.0 Fighting
 + Level 5.4 Short Blades
 - Level 4.0 Armour
 - Level 5.0 Dodging
 - Level 3.0 Stealth
 - Level 3.0 Spellcasting
 - Level 2.0 Hexes
 - Level 7.0 Summonings
 - Level 2.0 Invocations


You had 5 spell levels left.
You knew the following spells:

 Your Spells              Type           Power      Damage    Failure   Level
a - Summon Small Mammal   Summ           100%       N/A       1%          1
b - Call Imp              Summ           27%        N/A       1%          2
c - Summon Guardian Gole  Hex/Summ       18%        N/A       10%         3
d - Call Canine Familiar  Summ           27%        N/A       3%          3

Your spell library contained the following spells:

 Spells                   Type           Power      Damage    Failure   Level
 Sandblast                Erth           4%         2d4       22%         1
 Passwall                 Tmut/Erth      1%         N/A       32%         2
 Summon Lightning Spire   Summ/Air       15%        N/A       45%         4
 Stone Arrow              Conj/Erth      4%         3d7       54%         3


Dungeon Overview and Level Annotations

Branches:
Dungeon (6/15)
 Temple: D:4-7

Altars:
Gozag
Okawaru
Xom

Shops:
D:2 !


Innate Abilities, Weirdness & Mutations

You have a beak for a mouth.
You have claws for feet.
Your magical nature lets you fly swiftly and evasively.


Message History

The arrow hits your white imp!!
Your white imp dies!
Your white imp disappears in a puff of smoke!
Your guardian golem is destroyed!
Your guardian golem disappears in a puff of smoke!
The cyclops throws a large rock.
The large rock misses you.
The centaur warrior unwields a +0 longbow.
The centaur warrior hits you. The centaur warrior kicks you.
You hit the centaur warrior.
The centaur warrior is lightly wounded.
The centaur warrior hits you. The centaur warrior kicks you.
You hit the centaur warrior. You claw the centaur warrior.
The centaur warrior is lightly wounded.
The centaur warrior hits you.
The centaur warrior kicks you but does no damage.
Casting: Summon Guardian Golem (dangerous; 10% risk of failure)
Confirm with . or Enter, or press ? or * to list all spells.
A beastly little devil appears in a puff of flame.
The centaur warrior barely misses you.
The centaur warrior kicks you but does no damage.
The cyclops hits your hound! The centaur warrior hits you!
The centaur warrior kicks you but does no damage.
Your hound bites the cyclops but does no damage.
The centaur warrior hits you!
* * * LOW HITPOINT WARNING * * *
The centaur warrior misses you.
Your hound bites the cyclops but does no damage.
The cyclops closely misses your hound.
Your crimson imp hits the centaur warrior but does no damage.
Okay, then.
As you read the scroll labelled CAMIKA DUIG, it crumbles to dust.
Your body is wracked with pain!
* * * LOW HITPOINT WARNING * * *
The centaur warrior convulses!
The cyclops convulses!
It was a scroll of torment.
The centaur warrior hits you.
* * * LOW HITPOINT WARNING * * *
The centaur warrior completely misses you.
Your hound bites the cyclops.
The centaur warrior hits you!
You die...
Your body crumbles into a pile of gold.

######.#
#.C....#
#h# #@#
#c#######
#.5.....#
#######.#
#.# ..
#.#
#####..#
#)#
#......#
#.# ..#
#.#


You could see a centaur warrior (ally target), a cyclops (ally target), a
friendly hound (summoned) and a friendly crimson imp (summoned).

Vanquished Creatures
  Duvessa (D:5)
  A sky beast (D:6)
  2 phantoms (D:5)
  2 lemures
  A water moccasin skeleton (D:5)
  2 hounds
  A bullfrog skeleton (D:5)
  2 iguanas
  6 gnolls
  4 adders
  A white imp (D:5)
  An adder skeleton (D:4)
  2 worms
  2 dart slugs
  4 orcs
  A bat (D:1)
  4 endoplasms
  A giant cockroach (D:2)
  2 goblins
  6 hobgoblins
  4 quokkas
  3 ball pythons
  5 frilled lizards
  4 kobolds
  2 rats
64 creatures vanquished.

Vanquished Creatures (collateral kills)
  Pikel (D:4)
  An ogre (D:5)
  A lemure (D:4)
  A phantom (D:5)
  A gnoll sergeant (D:6)
  The ghost of bearfacebrad the Covered, a weakling HuFi (D:3)
  A hound (D:5)
  A gnoll shaman (D:5)
  A hound skeleton (D:4)
  An adder (D:3)
  3 gnolls
  A howler monkey skeleton (D:5)
  An ufetubus (D:6)
  A worm (D:2)
  A bat (D:2)
  2 endoplasms
  2 giant cockroaches (D:2)
  6 goblins
  2 hobgoblins
  A quokka (D:2)
  4 ball pythons
  3 frilled lizards
  2 kobolds
  5 rats
44 creatures vanquished.

Vanquished Creatures (others)
  A black bear (D:5)
  Dowan (D:5)
  A jelly (D:5)
  An orc wizard (D:4)
  A gnoll (D:6)
  3 bushes (D:5)
  2 plants (D:5)
10 creatures vanquished.

Grand Total: 118 creatures vanquished

Notes
Turn   | Place    | Note
-------+----------+-------------------------------------------
     0 | D:1      | enile the Tengu Summoner began the quest for the Orb.
     0 | D:1      | Reached XP level 1. HP: 10/10 MP: 4/4
   183 | D:1      | Reached skill level 1 in Fighting
   203 | D:1      | Reached skill level 5 in Summonings
   403 | D:1      | Reached XP level 2. HP: 14/16 MP: 1/6
   468 | D:1      | Learned a level 2 spell: Call Imp
   814 | D:1      | Reached skill level 1 in Short Blades
  1027 | D:1      | Reached XP level 3. HP: 17/20 MP: 3/7
  1439 | D:2      | Found Ynull's Distillery.
  1496 | D:2      | You fall into a shaft and drop 2 floors!
  2392 | D:3      | Found a runed translucent gate.
  2392 | D:3      | Found a runed translucent gate.
  2393 | D:3      | Found a runed translucent gate.
  2393 | D:3      | Noticed bearfacebrad's ghost (weakling HuFi)
  2506 | D:3      | Reached XP level 4. HP: 21/25 MP: 8/8
  2850 | D:3      | Killed bearfacebrad's ghost
  3151 | D:4      | Gained mutation: Your magical nature lets you fly swiftly
                  | and evasively. [Tengu growth]
  3151 | D:4      | Reached XP level 5. HP: 9/32 MP: 6/9
  3537 | D:4      | Learned a level 3 spell: Summon Guardian Golem
  3666 | D:4      | Noticed Pikel
  3666 | D:4      | Noticed a lemure
  3666 | D:4      | Noticed a lemure
  3666 | D:4      | Noticed a lemure
  3669 | D:4      | Noticed a lemure
  3728 | D:3      | Killed a lemure
  3893 | D:2      | Bought a potion of heal wounds for 70 gold pieces
  4513 | D:2      | Reached skill level 6 in Summonings
  4766 | D:4      | Reached XP level 6. HP: 32/37 MP: 10/10
  4846 | D:4      | Reached skill level 1 in Hexes
  4923 | D:4      | Killed Pikel
  4924 | D:4      | Reached skill level 1 in Armour
  4924 | D:4      | Reached XP level 7. HP: 7/43 MP: 0/12
  5307 | D:5      | Entered Level 5 of the Dungeon
  5653 | D:5      | Reached XP level 8. HP: 24/48 MP: 6/13
  5988 | D:5      | Reached skill level 5 in Fighting
  6223 | D:5      | Found an iron altar of Okawaru.
  6230 | D:5      | Found an opulent altar of Gozag.
  6230 | D:5      | Found a shimmering altar of Xom.
  6328 | D:5      | Reached skill level 5 in Short Blades
  6365 | D:5      | Noticed Dowan
  6475 | D:5      | Noticed Duvessa
  6494 | D:5      | Killed Duvessa
  6495 | D:5      | Reached skill level 7 in Summonings
  6505 | D:5      | Killed Dowan
  7024 | D:6      | Noticed a yak
  7024 | D:6      | Noticed a yak
  7024 | D:6      | Noticed a yak
  7098 | D:5      | Became a worshipper of Warmaster Okawaru
  7107 | D:5      | Fell from the grace of Okawaru
  7107 | D:5      | Became a worshipper of Gozag Ym Sagoz the Greedy
  7142 | D:6      | Reached skill level 5 in Dodging
  7142 | D:6      | Reached skill level 1 in Invocations
  7142 | D:6      | Reached XP level 9. HP: 44/54 MP: 7/14
  7391 | D:6      | Learned a level 3 spell: Call Canine Familiar
  7452 | D:6      | Noticed a cyclops
  7452 | D:6      | Noticed a centaur warrior
  7461 | D:6      | Slain by a centaur warrior

Illustrated notes

Levels and vault maps discovered:
D:1:      mushboom_english_gardens, layout_loops_ring, grunt_decor_junction
D:2:      layout_rooms, serial_rivers, chequers_serial_rivers_small_3,
          chequers_serial_rivers_micro_e, chequers_serial_rivers_small_3,
          chequers_serial_rivers_micro_a, serial_shops,
          nicolae_shop_temple_entry_statues_fountains
D:3:      layout_loops_ring, ebering_ghost_rock_garden
D:4:      layout_rooms, uniq_pikel
D:5:      layout_basic, gammafunk_temple_overflow_forgotten,
          chequers_serial_rivers_micro_b, uniq_duvessa
D:6:      layout_loops_ring

Skill      XL: |  1  2  3  4  5  6  7  8  9 |
---------------+----------------------------+-----
Fighting       | 1 3 4 5 |  5.0
Summonings     | 5 6 7 |  7.0
Short Blades   | 1 2 3 4 5 |  5.4
Stealth        | 3 |  3.0
Hexes          | 1 2 |  2.0
Spellcasting   | 3 |  3.0
Dodging        | 4 5 |  5.0
Armour         | 1 2 4 |  4.0
Invocations    | 1 2 |  2.0

Action                   |  1- 3 |  4- 6 |  7- 9 || total
-------------------------+-------+-------+-------++-------
Melee: Dagger            |    62 |    63 |   129 ||   254
       Unarmed           |     5 |       |       ||     5
       Kick              |    12 |    17 |    38 ||    67
       Peck              |     4 |    11 |    25 ||    40
Throw: Stone             |       |     3 |       ||     3
 Cast: Summon Small Mamm |    39 |    34 |    29 ||   102
       Call Imp          |    19 |    31 |    32 ||    82
       Summon Guardian G |       |     2 |     7 ||     9
       Call Canine Famil |       |       |     1 ||     1
  Use: Potion            |     1 |     2 |       ||     3
       Scroll            |       |       |     1 ||     1
 Stab: Sleeping          |     1 |     3 |       ||     4
       Distracted        |       |       |     1 ||     1
Armor: Robe              |    11 |       |       ||    11
       Leather armour    |     6 |    11 |    18 ||    35
Dodge: Dodged            |    44 |    52 |    93 ||   189

Table legend: (Time is in decaauts)
 A = Elapsed time spent in this place.
 B = Non-inter-level travel time spent in this place.
 C = Inter-level travel time spent in this place.
 D = Time resting spent in this place.
 E = Time spent auto-exploring this place.
 F = Levels seen in this place.
 G = Mean time per level.
                   A        B        C        D        E       F      G
               +--------+--------+--------+--------+--------+-----+--------+
         Total |   7260 |   7006 |    254 |    273 |   5327 |   6 | 1210.0 |
       Dungeon |   7260 |   7006 |    254 |    273 |   5327 |   6 | 1210.0 |
               +--------+--------+--------+--------+--------+-----+--------+

Top non-repeatable levels by time:
     D:3: 1663 daAuts
     D:1: 1526 daAuts
     D:5: 1466 daAuts
     D:4: 1413 daAuts
     D:2: 801 daAuts
     D:6: 388 daAuts
